 Dungeon Crawl Stone Soup version 0.23.0 (webtiles) character file.

Game seed: 13169858276741264408

2816 Lanoc the Blocker (level 9, -4/74 HPs)
             Began as a Gnoll Fighter on Feb 17, 2019.
             Was an Initiate of Gozag.
             Slain by an orc warrior
             ... wielding a +0 long sword
              (11 damage)
             ... on level 7 of the Dungeon.
             The game lasted 00:11:47 (6255 turns).

Lanoc the Blocker (Gnoll Fighter)                   Turns: 6255, Time: 00:11:47

Health: -4/74      AC:  9    Str: 19    XL:     9   Next: 72%
Magic:  0/24       EV: 14    Int: 13    God:    Gozag
Gold:   756        SH:  3    Dex: 15    Spells: 16/16 levels left

rFire    . . .     SeeInvis .   d - +8 great mace "Coto" {crush, +Blink MP+9}
rCold    . . .     Gourm    .   (shield currently unavailable)
rNeg     + . .     Faith    .   b - +0 scale mail
rPois    .         Spirit   +   (no helmet)
rElec    .         Reflect  +   r - scarf {Spirit}
rCorr    .         Harm     .   g - +0 pair of gloves (curse)
MR       .....                  (no boots)
Stlth    +.........             v - +3 amulet of reflection
HPRegen  0.22/turn              J - +2 ring of evasion
MPRegen  0.19/turn              s - ring of positive energy

@: no status effects
A: distributed training, fangs 1, strong nose
a: Potion Petition, Call Merchant, Bribe Branch, Renounce Religion, Evoke Blink


You were on level 7 of the Dungeon.
You worshipped Gozag.
Gozag was pleased with you.
You were not hungry.

You visited 2 branches of the dungeon, and saw 8 of its levels.

You collected 817 gold pieces.
You paid 61 gold pieces to Gozag.

Inventory:

Hand Weapons
 d - the +8 great mace "Coto" (weapon) {crush, +Blink MP+9}
   (You took it off an ogre on level 5 of the Dungeon)

   It inflicts extra damage upon your enemies.
   It affects your magic capacity (+9).
   It lets you blink.
 x - a +1 trident of protection
Missiles
 l - 93 arrows
 B - 37 bolts
 H - 14 sling bullets
Armour
 b - a +0 scale mail (worn)
 c - a +0 shield
 g - a cursed +0 pair of gloves (worn)
 p - a +0 cloak
 r - a scarf of spirit shield (worn)
Jewellery
 s - a ring of positive energy (right hand)
 v - a +3 amulet of reflection (around neck)
 J - a +2 ring of evasion (left hand)
Wands
 y - a wand of enslavement (9)
 K - a wand of random effects (13)
Scrolls
 a - a scroll of fear {unknown}
 e - a scroll of blinking {unknown}
 h - 8 scrolls of identify {unknown}
 i - a scroll of amnesia {unknown}
 k - a scroll of enchant weapon {unknown}
 m - 2 scrolls of remove curse {unknown}
 n - 2 scrolls of magic mapping {unknown}
 z - 3 scrolls of teleportation {unknown}
 A - a scroll of vulnerability {unknown}
 C - a scroll of brand weapon {unknown}
 E - a scroll of enchant armour {unknown}
 F - a scroll of immolation {unknown}
 G - a scroll of random uselessness {unknown}
Potions
 j - 3 potions of heal wounds
 o - a potion of degeneration {unknown}
 q - 3 potions of curing
 t - a potion of flight {unknown}
 u - 2 potions of berserk rage {unknown}
 w - a potion of mutation {unknown}
 D - a potion of invisibility {unknown}
 I - a potion of resistance {unknown}
Comestibles
 f - 12 rations


   Skills:
 + Level 8.0 Fighting
 + Level 4.4 Short Blades
 + Level 6.4 Long Blades
 + Level 4.4 Axes
 + Level 4.4 Maces & Flails
 + Level 4.4 Polearms
 + Level 4.4 Staves
 + Level 4.4 Slings
 + Level 4.4 Bows
 + Level 4.4 Crossbows
 + Level 4.4 Throwing
 + Level 8.0 Armour
 + Level 4.4 Dodging
 + Level 4.4 Stealth
 + Level 8.0 Shields
 + Level 4.4 Unarmed Combat
 + Level 4.4 Spellcasting
 + Level 3.6 Conjurations
 + Level 3.6 Hexes
 + Level 3.6 Charms
 + Level 3.6 Summonings
 + Level 3.6 Necromancy
 + Level 3.6 Translocations
 + Level 3.6 Transmutations
 + Level 3.6 Fire Magic
 + Level 3.6 Ice Magic
 + Level 3.6 Air Magic
 + Level 3.6 Earth Magic
 + Level 3.6 Poison Magic
 + Level 4.9 Invocations
 + Level 4.4 Evocations


You had 16 spell levels left.
You didn't know any spells.
Your spell library was empty.

Dungeon Overview and Level Annotations

Branches:
Dungeon (7/15)             Temple (1/1) D:6

Altars:
Ashenzari
Cheibriados
Dithmenos
Elyvilon
Fedhas
Gozag
Hepliaklqana
Kikubaaqudgha
Makhleb
Nemelex Xobeh
Okawaru
Qazlal
Ru
Sif Muna
Trog
Uskayaw
Vehumet
Wu Jian
Yredelemnul
The Shining One

Annotations:
D:7 Joseph, Menkaure


Innate Abilities, Weirdness & Mutations

Your experience applies equally to all skills.
You have very sharp teeth.
Your uncanny sense of smell can sniff out nearby items.


Message History

You thump Menkaure! You bite Menkaure, but do no damage.
Menkaure is severely damaged.
The orc wizard gestures wildly while chanting.
The orc wizard blinks!
Joseph unwields a +0 hunting sling.
Joseph wields a +0 quarterstaff.
Joseph hits you with a +0 quarterstaff!
* * * LOW HITPOINT WARNING * * *
Menkaure misses you. The orc wizard barely misses you.
The orc warrior hits you with a +0 long sword!
* * * LOW HITPOINT WARNING * * *
The orc priest hits you but does no damage.
Joseph unwields a +0 quarterstaff.
Joseph wields a +0 hunting sling.
Joseph shoots a sling bullet.
The sling bullet barely misses you.
The orc warrior hits you but does no damage.
The orc wizard completely misses you.
Things that are here:
a sling bullet; a scroll labeled XEXOIR EDUS The orc closely misses you.
The orc warrior hits you with a +0 long sword!
You die...
Your body crumbles into a pile of gold.

#. ########..#####. #. #..#
#. #. ##########..# #. ..
............# #. ### #.
###########..#####. ...# #.
#.................. ####
#.####.##..########..#####.
.. ........(..........>.#
###. ##
.........o@########..###...
........ooo................
.........@M................
#..#.........###########.#.
.............# #.#.
#..##........# ########.#.
.( #........# #..........
#........# #..........
#####+#### #..........


You could see Joseph, an orc warrior, Menkaure, an orc priest, an orc wizard and
an orc.

Vanquished Creatures
  The ghost of EtherCrawl the Conjurer, a novice DECj (D:5)
  A hippogriff (D:7)
  A spriggan (D:7)
  A hungry ghost (D:4)
  Edmund (D:5)
  An orc warrior (D:6)
  Duvessa (D:7)
  A phantom (D:7)
  A sky beast (D:7)
  5 ogres
  5 bullfrogs
  Dowan (D:7)
  A centaur zombie (D:5)
  A bullfrog zombie (D:5)
  3 hounds
  2 orc priests
  A centaur skeleton (D:6)
  Crazy Yiuf (D:2)
  A bullfrog skeleton (D:7)
  2 iguanas
  4 worker ants
  5 orc wizards
  A killer bee zombie (D:6)
  2 hound skeletons (D:5)
  A howler monkey zombie (D:7)
  8 gnolls
  7 adders
  A shadow imp (D:7)
  An ooze (D:6)
  2 worms
  2 dart slugs
  2 leopard geckos (D:3)
  12 orcs
  9 giant cockroaches
  3 hobgoblins (D:3)
  8 jackals
  4 quokkas
  A ball python (D:2)
  10 bats
  5 frilled lizards
  7 goblins
  3 kobolds
  A leopard gecko zombie (D:6)
  5 rats
136 creatures vanquished.

Notes
Turn   | Place    | Note
-------+----------+-------------------------------------------
     0 | D:1      | Lanoc the Gnoll Fighter began the quest for the Orb.
     0 | D:1      | Reached XP level 1. HP: 23/23 MP: 1/1
   200 | D:1      | Reached XP level 2. HP: 29/29 MP: 2/2
   734 | D:2      | Reached XP level 3. HP: 27/35 MP: 3/3
   792 | D:2      | Found a runed translucent door.
   793 | D:2      | Noticed Crazy Yiuf
   859 | D:2      | Killed Crazy Yiuf
   859 | D:2      | Reached skill level 1 in Short Blades
   859 | D:2      | Reached skill level 1 in Axes
   859 | D:2      | Reached skill level 1 in Maces & Flails
   859 | D:2      | Reached skill level 1 in Polearms
   859 | D:2      | Reached skill level 1 in Staves
   859 | D:2      | Reached skill level 1 in Slings
   859 | D:2      | Reached skill level 1 in Bows
   859 | D:2      | Reached skill level 1 in Crossbows
   859 | D:2      | Reached skill level 1 in Throwing
   859 | D:2      | Reached skill level 1 in Dodging
   859 | D:2      | Reached skill level 1 in Stealth
   859 | D:2      | Reached skill level 1 in Unarmed Combat
   859 | D:2      | Reached skill level 1 in Spellcasting
   859 | D:2      | Reached skill level 1 in Invocations
   859 | D:2      | Reached skill level 1 in Evocations
   859 | D:2      | Reached XP level 4. HP: 28/41 MP: 3/5
  1134 | D:2      | Reached skill level 1 in Conjurations
  1134 | D:2      | Reached skill level 1 in Hexes
  1134 | D:2      | Reached skill level 1 in Charms
  1134 | D:2      | Reached skill level 1 in Summonings
  1134 | D:2      | Reached skill level 1 in Necromancy
  1134 | D:2      | Reached skill level 1 in Translocations
  1134 | D:2      | Reached skill level 1 in Transmutations
  1134 | D:2      | Reached skill level 1 in Fire Magic
  1134 | D:2      | Reached skill level 1 in Ice Magic
  1134 | D:2      | Reached skill level 1 in Air Magic
  1134 | D:2      | Reached skill level 1 in Earth Magic
  1134 | D:2      | Reached skill level 1 in Poison Magic
  1210 | D:2      | Found a bloodstained altar of Trog.
  1211 | D:2      | Found a white marble altar of Elyvilon.
  1645 | D:3      | Reached XP level 5. HP: 47/47 MP: 6/6
  2580 | D:4      | Reached XP level 6. HP: 53/53 MP: 8/8
  2666 | D:4      | Reached skill level 5 in Long Blades
  2790 | D:4      | Noticed a hungry ghost
  2814 | D:4      | Killed a hungry ghost
  2814 | D:4      | Reached XP level 7. HP: 35/59 MP: 4/10
  3169 | D:4      | Found an opulent altar of Gozag.
  3214 | D:4      | Became a worshipper of Gozag Ym Sagoz the Greedy
  3847 | D:5      | Entered Level 5 of the Dungeon
  3981 | D:5      | Found a transporter.
  3981 | D:5      | Noticed EtherCrawl's ghost (novice DECj)
  3984 | D:5      | Identified the +8 great mace "Coto" {crush, +Blink MP+9}
  3996 | D:5      | Found a transporter.
  4032 | D:5      | Killed EtherCrawl's ghost
  4032 | D:5      | Reached XP level 8. HP: 34/67 MP: 3/12
  4201 | D:5      | Found an ancient bone altar of Kikubaaqudgha.
  4249 | D:5      | Noticed Edmund
  4257 | D:5      | Killed Edmund
  4453 | D:5      | Found an ornate altar of the Wu Jian Council.
  4455 | D:5      | Found a burning altar of Makhleb.
  4805 | D:6      | Found a snail-covered altar of Cheibriados.
  4805 | D:6      | Found a shattered altar of Ashenzari.
  4886 | D:6      | Found a shadowy altar of Dithmenos.
  4934 | D:6      | Found a staircase to the Ecumenical Temple.
  4946 | Temple   | Entered the Ecumenical Temple
  5188 | D:6      | Reached XP level 9. HP: 72/72 MP: 14/14
  5417 | D:6      | Found a hide-covered altar of Uskayaw.
  5864 | D:7      | Noticed Dowan
  5864 | D:7      | Noticed Duvessa
  5871 | D:7      | Killed Dowan
  5875 | D:7      | Killed Duvessa
  6242 | D:7      | Noticed Menkaure
  6244 | D:7      | Noticed Joseph
  6255 | D:7      | Slain by an orc warrior

Skill      XL: |  1  2  3  4  5  6  7  8  9 |
---------------+----------------------------+-----
Short Blades   | 1 2 3 4 |  4.4
Axes           | 1 2 3 4 |  4.4
Maces & Flails | 1 2 3 4 |  4.4
Polearms       | 1 2 3 4 |  4.4
Staves         | 1 2 3 4 |  4.4
Slings         | 1 2 3 4 |  4.4
Bows           | 1 2 3 4 |  4.4
Crossbows      | 1 2 3 4 |  4.4
Throwing       | 1 2 3 4 |  4.4
Dodging        | 1 2 3 4 |  4.4
Stealth        | 1 2 3 4 |  4.4
Unarmed Combat | 1 2 3 4 |  4.4
Spellcasting   | 1 2 3 4 |  4.4
Invocations    | 1 2 3 4 |  4.9
Evocations     | 1 2 3 4 |  4.4
Conjurations   | 1 2 3 |  3.6
Hexes          | 1 2 3 |  3.6
Charms         | 1 2 3 |  3.6
Summonings     | 1 2 3 |  3.6
Necromancy     | 1 2 3 |  3.6
Translocations | 1 2 3 |  3.6
Transmutations | 1 2 3 |  3.6
Fire Magic     | 1 2 3 |  3.6
Ice Magic      | 1 2 3 |  3.6
Air Magic      | 1 2 3 |  3.6
Earth Magic    | 1 2 3 |  3.6
Poison Magic   | 1 2 3 |  3.6
Long Blades    | 5 6 |  6.4
Fighting       | 7 8 |  8.0
Armour         | 7 8 |  8.0
Shields        | 7 8 |  8.0

Action                   |  1- 3 |  4- 6 |  7- 9 || total
-------------------------+-------+-------+-------++-------
Melee: Long sword        |    56 |   174 |    23 ||   253
       Bite              |     2 |    23 |    17 ||    42
       Trident           |       |       |    58 ||    58
       Great mace        |       |       |   114 ||   114
  Use: Potion            |       |     2 |     4 ||     6
 Stab: Sleeping          |       |       |     2 ||     2
       Distracted        |       |       |     1 ||     1
  Eat: Chunk             |       |     8 |     2 ||    10
       Ration            |       |     1 |     3 ||     4
Armor: Scale mail        |    26 |    81 |    67 ||   174
Dodge: Dodged            |    16 |    68 |   115 ||   199
Block: Shield            |    41 |   100 |    65 ||   206
       Reflection        |       |       |     2 ||     2
       Other             |       |       |    21 ||    21
       Rpst.: Long sword |     8 |    22 |     6 ||    36
